Wolves vs National

Created - 29 janvier 2013 at 23:24

Goals
1 2 3 T
Wolves 1 1 1 3
National 0 2 2 4
Shots
1 2 3 T
Wolves 5 13 17 35
National 1 11 20 32

1st period

1. Wolves , Cody McLeod 8 (Jason King, Alexander Perezhogin) at 8:33

Penalties :
Daniel Rahimi (Que) for High sticking (Minor) at 4:54, Guillaume Desbiens (Que) for Roughing (Minor) at 9:01, Guillaume Desbiens (Que) for Kneeing (Major) at 13:02, Marc-André Gragnani (Min) for Hooking (Minor) at 13:02

2nd period

2. Wolves , Vyacheslav Kozlov 10 (Bruno Gervais, Philippe Boucher) at 13:48 (PP)
3. National , Ben Maxwell 4 (Igor Makarov, Dustin Kohn) at 14:38
4. National , Igor Makarov 6 (Mathieu Carle) at 16:20

Penalties :
Cédric Lalonde-McNicoll (Que) for Interference (Minor) at 0:07, Bruno Gervais (Min) for Hooking (Minor) at 11:33, Guillaume Desbiens (Que) for Holding (Minor) at 13:18

3rd period

5. Wolves , Alexander Perezhogin 23 (Nathan Davis, Willie Mitchell) at 1:08
6. National , Ty Wishart 1 (Dustin Kohn, Eric Boulton) at 2:10 (PP)
7. National , Mathieu Carle 2 (Eric Boulton, William Colbert) at 18:19 (PP)

Penalties :
Nate Guenin (Min) for Slashing (Minor) at 1:22, Rico Fata (Que) for Boarding (Major) at 2:59, Nate Guenin (Min) for Cross-checking (Minor) at 2:59, Matt Gilroy (Min) for Holding (Minor) at 4:28, Vyacheslav Kozlov (Min) for Roughing (Minor) at 15:17, William Colbert (Que) for Interference (Minor) at 15:28, Bruno Gervais (Min) for Hooking (Minor) at 17:30

Goalie Stats

Julien Ellis (Min), 28 saves from 32 shots - (0,875), L, 11-9-1, 59:23 minutes
Steve Shields (Que), 32 saves from 35 shots - (0,914), W, 8-14-3, 60:00 minutes

Players Stats for Wolves

Player Name              G  A  P  +/- PIM S  H  SB GA TA FO     MP     PP MP  PK MP  
------------------------------------------------------------------------------------
Alexander Perezhogin     1  1  2   1  0   7  2  0  1  0  0/0    16:36   4:49   0:31 
Bruno Gervais            0  1  1  -1  4   1  0  3  1  0  0/0    18:14   4:39   0:14 
Chris Neil               0  0  0   0  0   6  4  1  1  0  10/16  25:25   4:46   3:32 
Chris Terry              0  0  0   0  0   0  0  0  0  0  0/0     0:00   0:00   0:00 
Cody McLeod              1  0  1  -1  0   2  3  1  0  0  0/0     8:56   0:33   0:11 
Ethan Moreau             0  0  0   1  0   4  1  1  0  0  3/4    16:50   4:49   0:31 
Jason King               0  1  1  -1  0   3  0  2  0  0  1/2    11:18   1:41   0:00 
Jonas Junland            0  0  0   1  0   0  0  0  0  0  0/0     4:21   0:00   0:00 
Kevin Veilleux           0  0  0   0  0   1  0  0  1  0  0/2     7:25   0:00   0:00 
Marc Methot              0  0  0   0  0   0  0  0  0  0  0/0     8:43   0:31   0:56 
Marc-André Gragnani      0  0  0   1  2   0  0  0  0  0  0/0     4:23   0:03   0:00 
Mark Fayne               0  0  0   0  0   0  0  0  0  0  0/0     0:00   0:00   0:00 
Matt Gilroy              0  0  0   0  2   0  0  0  0  1  0/0     8:13   0:38   0:00 
Mike Sislo               0  0  0   0  0   0  0  0  0  0  0/0     7:25   0:00   0:00 
Mike Zigomanis           0  0  0   0  0   1  0  3  0  2  10/27  18:18   4:52   0:00 
Milan Bartovic           0  0  0   0  0   0  1  0  1  0  0/0     8:54   0:54   0:00 
Nate Guenin              0  0  0  -1  4   1  0  0  0  1  0/0    18:12   4:23   0:42 
Nathan Davis             0  1  1   1  0   1  3  0  0  0  8/12   14:50   4:58   0:00 
Petr Kalus               0  0  0  -1  0   0  1  0  0  0  1/2     7:34   0:00   0:00 
Philippe Boucher         0  1  1   0  0   2  1  5  1  2  0/0    29:10   6:01   3:07 
Stefan Chaput            0  0  0   0  0   0  0  0  0  0  0/0     0:00   0:00   0:00 
Tim Crowder              0  0  0   0  0   0  0  0  0  0  0/0     0:15   0:15   0:00 
Vyacheslav Kozlov        1  0  1   0  2   4  3  0  0  1  0/0    24:09   4:42   2:51 
Willie Mitchell          0  1  1   0  0   2  3  5  1  2  0/0    29:10   6:01   3:07 

Players Stats for National

Player Name              G  A  P  +/- PIM S  H  SB GA TA FO     MP     PP MP  PK MP  
------------------------------------------------------------------------------------
Alex Grant               0  0  0   0  0   0  0  0  0  0  0/0     5:12   0:00   0:00 
Ben Maxwell              1  0  1   2  0   2  0  0  0  0  1/5    11:55   0:00   1:36 
Cédric Lalonde-McNicoll  0  0  0  -1  2   0  1  0  0  0  11/29  15:52   2:16   0:20 
Daniel Rahimi            0  0  0   0  2   0  0  0  0  0  0/0     6:41   0:00   0:44 
Dustin Kohn              0  2  2   0  0   1  1  0  1  0  0/0    18:42   0:45   4:08 
Eric Boulton             0  2  2   0  0   10 7  0  1  1  10/14  26:04   2:16   4:46 
Erik Gustafsson          0  0  0   0  0   0  0  0  0  0  0/0     7:09   0:00   0:11 
Guillaume Desbiens       0  0  0  -1  9   3  2  0  2  1  0/0    15:57   1:16   1:50 
Igor Makarov             1  1  2   1  0   3  3  0  0  2  0/0    12:43   0:00   0:02 
James Marcou             0  0  0   0  0   0  0  0  0  0  1/1     4:52   0:00   0:00 
Jarod Palmer             0  0  0  -1  0   0  0  1  0  1  5/10   12:17   1:17   0:00 
Jonathan Cheechoo        0  0  0  -1  0   4  0  0  0  0  3/4    20:05   2:16   3:29 
Maksim Mayorov           0  0  0   2  0   0  0  1  0  0  0/0    11:39   0:00   2:22 
Mathieu Carle            1  1  2   0  0   5  2  3  2  0  0/0    29:26   2:48   6:03 
Peter Leblanc            0  0  0   0  0   0  0  0  0  0  0/0     0:00   0:00   0:00 
Philip DeSimone          0  0  0   0  0   0  1  0  0  0  1/2    10:06   0:00   3:18 
Rico Fata                0  0  0  -1  5   0  2  0  2  2  0/0    19:57   1:17   4:07 
Ty Wishart               1  0  1   0  0   2  0  1  0  0  0/0    18:42   0:45   4:08 
William Colbert          0  1  1   0  2   2  1  0  1  0  0/0    28:14   2:47   5:52 
Yuri Alexandrov          0  0  0   0  0   0  0  0  0  0  0/0     5:56   0:00   0:44 

3 Stars

1 - Igor Makarov (Que)
2 - Alexander Perezhogin (Min)
3 - Mathieu Carle (Que)

Power Play

Wolves - 1 on 5 Attempt(s) - 20,00%
National - 2 on 5 Attempt(s) - 40,00%

Penalty Kill

Wolves - 3 on 5 Attempt(s) - 60,00% - Score 0 goal in Penalty Kill
National - 4 on 5 Attempt(s) - 80,00% - Score 0 goal in Penalty Kill

Official

Referees : O'Rourke Dan and StPierre Justin
Linesman : Darren Gibbs and Don Henderson

Game Notes

No Game Note

Wolves

5 vs 5 Forward 
   Center                   Left Wing                Right Wing               Time % Phy DF OF 
 1 Mike Zigomanis           Vyacheslav Kozlov        Chris Neil               40     1   2  2  
 2 Nathan Davis             Ethan Moreau             Alexander Perezhogin     30     1   2  2  
 3 Petr Kalus               Cody McLeod              Jason King               20     1   2  2  
 4 Kevin Veilleux           Mike Sislo               Milan Bartovic           10     1   2  2  

5 vs 5 Defense 
   Defense                  Defense                                           Time % Phy DF OF 
 1 Willie Mitchell          Philippe Boucher                                  40     1   2  2  
 2 Nate Guenin              Bruno Gervais                                     30     1   2  2  
 3 Matt Gilroy              Marc Methot                                       20     1   2  2  
 4 Jonas Junland            Marc-André Gragnani                               10     1   2  2  

PowerPlay Forward 
   Center                   Left Wing                Right Wing               Time % Phy DF OF 
 1 Mike Zigomanis           Vyacheslav Kozlov        Chris Neil               60     1   2  2  
 2 Nathan Davis             Ethan Moreau             Alexander Perezhogin     40     1   2  2  

PowerPlay Defense
   Defense                  Defense                                           Time % Phy DF OF 
 1 Willie Mitchell          Philippe Boucher                                  60     1   2  2  
 2 Nate Guenin              Bruno Gervais                                     40     1   2  2  

Penalty Kill 4 Players Forward 
   Center                   Wing                     Time % Phy DF OF 
 1 Chris Neil               Vyacheslav Kozlov        60     1   2  2  
 2 Ethan Moreau             Alexander Perezhogin     40     1   2  2  

Penalty Kill 4 Players Defense
   Defense                  Defense                  Time % Phy DF OF 
 1 Willie Mitchell          Philippe Boucher         60     1   2  2  
 2 Nate Guenin              Bruno Gervais            40     1   2  2  

Penalty Kill - 3 Players Forward 
   Forward                                           Time % Phy DF OF 
 1 Chris Neil                                        60     1   2  2  
 2 Vyacheslav Kozlov                                 40     1   2  2  

Penalty Kill - 3 Players Defense
   Defense                  Defense                  Time % Phy DF OF 
 1 Willie Mitchell          Philippe Boucher         60     1   2  2  
 2 Nate Guenin              Bruno Gervais            40     1   2  2  

4 vs 4 Forward 
   Center                   Wing                     Time % Phy DF OF 
 1 Chris Neil               Vyacheslav Kozlov        60     1   2  2  
 2 Ethan Moreau             Alexander Perezhogin     40     1   2  2  

4 vs 4 Defense
   Defense                  Defense                  Time % Phy DF OF 
 1 Willie Mitchell          Philippe Boucher         60     1   2  2  
 2 Nate Guenin              Bruno Gervais            40     1   2  2  

Last Minutes Offensive
   Center                   Left Wing                Right Wing               Defense                  Defense                  
   Mike Zigomanis           Vyacheslav Kozlov        Chris Neil               Willie Mitchell          Philippe Boucher         

Last Minutes Defensive
   Center                   Left Wing                Right Wing               Defense                  Defense                  
   Mike Zigomanis           Vyacheslav Kozlov        Chris Neil               Willie Mitchell          Philippe Boucher         

Goaltenders
Starting : Julien Ellis             
Backup : Loïc Lacasse             

Extra Forwards
Normal : Jason King, Milan Bartovic, Cody McLeod - PP : Jason King, Milan Bartovic - PK : Cody McLeod
Extra Defensemen
Normal : Matt Gilroy, Marc Methot, Jonas Junland - PP : Matt Gilroy - PK : Marc Methot, Jonas Junland
Penalty Shots
Chris Neil, Vyacheslav Kozlov, Ethan Moreau, Alexander Perezhogin, Jason King

National

5 vs 5 Forward 
   Center                   Left Wing                Right Wing               Time % Phy DF OF 
 1 Cédric Lalonde-McNicoll  Eric Boulton             Jonathan Cheechoo        40     1   2  2  
 2 Jarod Palmer             Rico Fata                Guillaume Desbiens       30     1   2  2  
 3 Ben Maxwell              Maksim Mayorov           Igor Makarov             20     1   2  2  
 4 Philip DeSimone          Eric Boulton             James Marcou             10     1   2  2  

5 vs 5 Defense 
   Defense                  Defense                                           Time % Phy DF OF 
 1 William Colbert          Mathieu Carle                                     40     1   2  2  
 2 Dustin Kohn              Ty Wishart                                        30     1   2  2  
 3 Erik Gustafsson          Daniel Rahimi                                     20     1   2  2  
 4 Yuri Alexandrov          Alex Grant                                        10     1   2  2  

PowerPlay Forward 
   Center                   Left Wing                Right Wing               Time % Phy DF OF 
 1 Cédric Lalonde-McNicoll  Eric Boulton             Jonathan Cheechoo        60     1   2  2  
 2 Jarod Palmer             Rico Fata                Guillaume Desbiens       40     1   2  2  

PowerPlay Defense
   Defense                  Defense                                           Time % Phy DF OF 
 1 William Colbert          Mathieu Carle                                     60     1   2  2  
 2 Dustin Kohn              Ty Wishart                                        40     1   2  2  

Penalty Kill 4 Players Forward 
   Center                   Wing                     Time % Phy DF OF 
 1 Eric Boulton             Rico Fata                60     1   2  2  
 2 Jonathan Cheechoo        Guillaume Desbiens       40     1   2  2  

Penalty Kill 4 Players Defense
   Defense                  Defense                  Time % Phy DF OF 
 1 William Colbert          Mathieu Carle            60     1   2  2  
 2 Dustin Kohn              Ty Wishart               40     1   2  2  

Penalty Kill - 3 Players Forward 
   Forward                                           Time % Phy DF OF 
 1 Eric Boulton                                      60     1   2  2  
 2 Rico Fata                                         40     1   2  2  

Penalty Kill - 3 Players Defense
   Defense                  Defense                  Time % Phy DF OF 
 1 William Colbert          Mathieu Carle            60     1   2  2  
 2 Dustin Kohn              Ty Wishart               40     1   2  2  

4 vs 4 Forward 
   Center                   Wing                     Time % Phy DF OF 
 1 Eric Boulton             Rico Fata                60     1   2  2  
 2 Jonathan Cheechoo        Guillaume Desbiens       40     1   2  2  

4 vs 4 Defense
   Defense                  Defense                  Time % Phy DF OF 
 1 William Colbert          Mathieu Carle            60     1   2  2  
 2 Dustin Kohn              Ty Wishart               40     1   2  2  

Last Minutes Offensive
   Center                   Left Wing                Right Wing               Defense                  Defense                  
   Cédric Lalonde-McNicoll  Eric Boulton             Jonathan Cheechoo        William Colbert          Mathieu Carle            

Last Minutes Defensive
   Center                   Left Wing                Right Wing               Defense                  Defense                  
   Cédric Lalonde-McNicoll  Eric Boulton             Jonathan Cheechoo        William Colbert          Mathieu Carle            

Goaltenders
Starting : Steve Shields            
Backup : Jeff Frazee              

Extra Forwards
Normal : Igor Makarov, Ben Maxwell, Philip DeSimone - PP : Igor Makarov, Ben Maxwell - PK : Philip DeSimone
Extra Defensemen
Normal : Erik Gustafsson, Daniel Rahimi, Yuri Alexandrov - PP : Erik Gustafsson - PK : Daniel Rahimi, Yuri Alexandrov
Penalty Shots
Eric Boulton, Rico Fata, Jonathan Cheechoo, Guillaume Desbiens, Igor Makarov

% Time on Ice - Wolves

Lines # - Real PCT - Wanted PCT - Time Play
Normal Forward
1 - 32% - 40% - 11:57
2 - 27% - 30% - 9:52
3 - 21% - 20% - 7:34
4 - 20% - 10% - 7:25
Normal Defense
1 - 40% - 40% - 14:35
2 - 29% - 30% - 10:36
3 - 20% - 20% - 7:16
4 - 12% - 10% - 4:21
PP Forward
1 - 56% - 60% - 6:06
2 - 44% - 40% - 4:49
PP Defense
1 - 60% - 60% - 6:32
2 - 40% - 40% - 4:23
PK Forward
1 - 85% - 60% - 3:02
2 - 15% - 40% - 0:31
PK Defense
1 - 74% - 60% - 2:37
2 - 26% - 40% - 0:56
PK3 Forward
1 - 100% - 60% - 0:30
2 - 0% - 40% - 0:00
PK3 Defense
1 - 100% - 60% - 0:30
2 - 0% - 40% - 0:00
44 Forward
1 - 81% - 60% - 5:40
2 - 19% - 40% - 1:19
44 Defense
1 - 60% - 60% - 4:12
2 - 40% - 40% - 2:47
Last Minute Offensive  - 1:15
Last Minute Defensive  - 0:00
Total
Forward - 60:00
Defense - 60:00

% Time on Ice - National

Lines # - Real PCT - Wanted PCT - Time Play
Normal Forward
1 - 34% - 40% - 12:41
2 - 30% - 30% - 11:08
3 - 22% - 20% - 8:10
4 - 13% - 10% - 4:52
Normal Defense
1 - 41% - 40% - 14:57
2 - 29% - 30% - 10:46
3 - 16% - 20% - 5:56
4 - 14% - 10% - 5:12
PP Forward
1 - 64% - 60% - 2:16
2 - 36% - 40% - 1:17
PP Defense
1 - 79% - 60% - 2:48
2 - 21% - 40% - 0:45
PK Forward
1 - 68% - 60% - 7:26
2 - 32% - 40% - 3:29
PK Defense
1 - 60% - 60% - 6:35
2 - 40% - 40% - 4:20
PK3 Forward
1 - 0% - 60%
2 - 0% - 40%
PK3 Defense
1 - 0% - 60%
2 - 0% - 40%
44 Forward
1 - 81% - 60% - 6:04
2 - 19% - 40% - 1:25
44 Defense
1 - 59% - 60% - 4:26
2 - 41% - 40% - 3:03
Last Minute Offensive  - 0:00
Last Minute Defensive  - 1:12
Total
Forward - 60:00
Defense - 60:00

Play by Play

1st period


0:01 of 1st period - Cédric Lalonde-McNicoll wins face-off versus Mike Zigomanis in neutral zone.
0:10 of 1st period - Slapshot by Vyacheslav Kozlov.
0:10 of 1st period - Stopped by Steve Shields without a rebound.
0:11 of 1st period - Jarod Palmer wins face-off versus Nathan Davis in National zone.
0:36 of 1st period - Ty Wishart is hit by Cody McLeod and loses puck.
1:01 of 1st period - Bruno Gervais is hit by Eric Boulton and loses puck.
3:04 of 1st period - Eric Boulton is hit by Chris Neil and loses puck.
3:51 of 1st period - Icing by Rico Fata.
3:52 of 1st period - Eric Boulton wins face-off versus Nathan Davis in National zone.
4:13 of 1st period - Wrist shot by Alexander Perezhogin.
4:13 of 1st period - Stopped by Steve Shields without a rebound.
4:14 of 1st period - Mike Zigomanis wins face-off versus Ben Maxwell in National zone.
4:21 of 1st period - Slapshot by Vyacheslav Kozlov.
4:21 of 1st period - Deflect By Chris Neil.
4:21 of 1st period - Shot Misses the Net.
4:21 of 1st period - Puck is out of play.
4:22 of 1st period - Mike Zigomanis wins face-off versus Cédric Lalonde-McNicoll in National zone.
4:52 of 1st period - Daniel Rahimi is hit by Cody McLeod and loses puck.
4:54 of 1st period - Minor Penalty to Daniel Rahimi for High sticking.
4:55 of 1st period - Eric Boulton wins face-off versus Mike Zigomanis in National zone.
6:54 of 1st period - Penalty to Daniel Rahimi is over, Daniel Rahimi is back on ice.
7:01 of 1st period - Bruno Gervais is hit by Igor Makarov.
7:57 of 1st period - Yuri Alexandrov is hit by Chris Neil and loses puck.
8:10 of 1st period - Jonas Junland is hit by Guillaume Desbiens and loses puck.
8:33 of 1st period - Wrist shot by Cody McLeod.
8:33 of 1st period - Deflect By Jonathan Cheechoo.
8:33 of 1st period - Goal by Cody McLeod - Wolves : 1 - National : 0.
8:34 of 1st period - Mike Zigomanis wins face-off versus Cédric Lalonde-McNicoll in neutral zone.
9:01 of 1st period - Minor Penalty to Guillaume Desbiens for Roughing.
9:02 of 1st period - Eric Boulton wins face-off versus Mike Zigomanis in National zone.
10:04 of 1st period - Icing by Vyacheslav Kozlov.
10:05 of 1st period - Mike Zigomanis wins face-off versus Jonathan Cheechoo in Wolves zone.
11:01 of 1st period - Penalty to Guillaume Desbiens is over, Guillaume Desbiens is back on ice.
11:19 of 1st period - Snap shot by Jason King.
11:19 of 1st period - Shot Misses the Net.
11:29 of 1st period - Guillaume Desbiens is hit by Cody McLeod and loses puck.
13:02 of 1st period - Major Penalty to Guillaume Desbiens for Kneeing.
13:02 of 1st period - Minor Penalty to Marc-André Gragnani for Hooking.
13:03 of 1st period - Eric Boulton wins face-off versus Chris Neil in Wolves zone.
13:08 of 1st period - Wrist shot by Rico Fata.
13:08 of 1st period - Deflect By Eric Boulton.
13:08 of 1st period - Stopped by Julien Ellis with a rebound.
13:41 of 1st period - Icing by Bruno Gervais.
13:42 of 1st period - Jonathan Cheechoo wins face-off versus Ethan Moreau in Wolves zone.
13:49 of 1st period - Snap shot by Alexander Perezhogin.
13:49 of 1st period - Stopped by Steve Shields with a rebound.
13:51 of 1st period - Snap shot by Ethan Moreau.
13:51 of 1st period - Deflect By Alexander Perezhogin.
13:51 of 1st period - Deflect By Jonathan Cheechoo.
13:51 of 1st period - Stopped by Steve Shields without a rebound.
13:52 of 1st period - Eric Boulton wins face-off versus Chris Neil in National zone.
13:57 of 1st period - Snap shot by Eric Boulton.
13:57 of 1st period - Shot Misses the Net.
14:05 of 1st period - Eric Boulton is hit by Chris Neil and loses puck.
15:02 of 1st period - Penalty to Marc-André Gragnani is over, Marc-André Gragnani is back on ice.
15:10 of 1st period - Philippe Boucher is hit by Philip DeSimone and loses puck.
15:31 of 1st period - Jonathan Cheechoo is hit by Alexander Perezhogin and loses puck.
17:14 of 1st period - Jason King is hit by Eric Boulton and loses puck.
18:02 of 1st period - Penalty to Guillaume Desbiens is over, Guillaume Desbiens is back on ice.
18:29 of 1st period - Cody McLeod is hit by Eric Boulton and loses puck.
18:56 of 1st period - Nathan Davis is hit by William Colbert and loses puck.

2nd period


0:01 of 2nd period - Mike Zigomanis wins face-off versus Cédric Lalonde-McNicoll in neutral zone.
0:07 of 2nd period - Minor Penalty to Cédric Lalonde-McNicoll for Interference.
0:08 of 2nd period - Eric Boulton wins face-off versus Mike Zigomanis in National zone.
1:09 of 2nd period - Slapshot by Eric Boulton.
1:09 of 2nd period - Stopped by Julien Ellis with a rebound.
2:07 of 2nd period - Penalty to Cédric Lalonde-McNicoll is over, Cédric Lalonde-McNicoll is back on ice.
2:19 of 2nd period - Wrist shot by Ben Maxwell.
2:19 of 2nd period - Shot Misses the Net.
2:21 of 2nd period - Wrist shot by Ben Maxwell.
2:21 of 2nd period - Shot Misses the Net.
5:43 of 2nd period - Mike Zigomanis is hit by Igor Makarov and loses puck.
6:17 of 2nd period - Icing by Nate Guenin.
6:18 of 2nd period - Jarod Palmer wins face-off versus Kevin Veilleux in Wolves zone.
6:21 of 2nd period - Snap shot by Guillaume Desbiens.
6:21 of 2nd period - Shot Misses the Net.
6:43 of 2nd period - Snap shot by Maksim Mayorov.
6:43 of 2nd period - Shot Misses the Net.
6:45 of 2nd period - Slapshot by Ben Maxwell.
6:45 of 2nd period - Shot Blocked by Ethan Moreau.
6:47 of 2nd period - Slapshot by Mathieu Carle.
6:47 of 2nd period - Stopped by Julien Ellis with a rebound.
7:12 of 2nd period - Off-side.
7:13 of 2nd period - Nathan Davis wins face-off versus Jarod Palmer in neutral zone.
7:22 of 2nd period - Slapshot by Ethan Moreau.
7:22 of 2nd period - Stopped by Steve Shields with a rebound.
7:24 of 2nd period - Slapshot by Willie Mitchell.
7:24 of 2nd period - Shot Misses the Net.
7:28 of 2nd period - Snap shot by Ethan Moreau.
7:28 of 2nd period - Shot Blocked by Ty Wishart.
7:42 of 2nd period - Snap shot by Chris Neil.
7:42 of 2nd period - Stopped by Steve Shields with a rebound.
8:10 of 2nd period - Wrist shot by Jason King.
8:10 of 2nd period - Shot Misses the Net.
8:12 of 2nd period - Slapshot by Bruno Gervais.
8:12 of 2nd period - Shot Misses the Net.
8:14 of 2nd period - Snap shot by Jason King.
8:14 of 2nd period - Stopped by Steve Shields with a rebound.
8:44 of 2nd period - Icing by Mike Sislo.
8:45 of 2nd period - James Marcou wins face-off versus Kevin Veilleux in Wolves zone.
9:10 of 2nd period - William Colbert is hit by Milan Bartovic and loses puck.
9:29 of 2nd period - Slapshot by Jonathan Cheechoo.
9:29 of 2nd period - Stopped by Julien Ellis with a rebound.
9:44 of 2nd period - Slapshot by Philippe Boucher.
9:44 of 2nd period - Shot Misses the Net.
9:46 of 2nd period - Snap shot by Kevin Veilleux.
9:46 of 2nd period - Stopped by Steve Shields without a rebound.
9:47 of 2nd period - Jarod Palmer wins face-off versus Mike Zigomanis in National zone.
9:47 of 2nd period - Jarod Palmer is hit by Vyacheslav Kozlov.
10:12 of 2nd period - Nate Guenin is hit by Igor Makarov and loses puck.
10:17 of 2nd period - Slapshot by Igor Makarov.
10:17 of 2nd period - Stopped by Julien Ellis without a rebound.
10:18 of 2nd period - Mike Zigomanis wins face-off versus Ben Maxwell in Wolves zone.
10:25 of 2nd period - Slapshot by Chris Neil.
10:25 of 2nd period - Shot Blocked by Maksim Mayorov.
10:33 of 2nd period - Wrist shot by Igor Makarov.
10:33 of 2nd period - Stopped by Julien Ellis without a rebound.
10:34 of 2nd period - Nathan Davis wins face-off versus Cédric Lalonde-McNicoll in Wolves zone.
10:44 of 2nd period - Off-side.
10:45 of 2nd period - Cédric Lalonde-McNicoll wins face-off versus Mike Zigomanis in neutral zone.
10:48 of 2nd period - Chris Neil is hit by Eric Boulton and loses puck.
10:55 of 2nd period - Slapshot by Mathieu Carle.
10:55 of 2nd period - Shot Misses the Net.
10:57 of 2nd period - Wrist shot by Eric Boulton.
10:57 of 2nd period - Stopped by Julien Ellis with a rebound.
10:59 of 2nd period - Wrist shot by Eric Boulton.
10:59 of 2nd period - Shot Misses the Net.
11:01 of 2nd period - Snap shot by William Colbert.
11:01 of 2nd period - Shot Misses the Net.
11:18 of 2nd period - Wrist shot by Vyacheslav Kozlov.
11:18 of 2nd period - Stopped by Steve Shields with a rebound.
11:20 of 2nd period - Slapshot by Chris Neil.
11:20 of 2nd period - Stopped by Steve Shields without a rebound.
11:21 of 2nd period - Nathan Davis wins face-off versus Cédric Lalonde-McNicoll in National zone.
11:26 of 2nd period - Snap shot by Alexander Perezhogin.
11:26 of 2nd period - Stopped by Steve Shields with a rebound.
11:33 of 2nd period - Minor Penalty to Bruno Gervais for Hooking.
11:34 of 2nd period - Chris Neil wins face-off versus Cédric Lalonde-McNicoll in Wolves zone.
11:43 of 2nd period - Snap shot by Mathieu Carle.
11:43 of 2nd period - Shot Misses the Net.
12:21 of 2nd period - Slapshot by William Colbert.
12:21 of 2nd period - Stopped by Julien Ellis without a rebound.
12:22 of 2nd period - Ethan Moreau wins face-off versus Cédric Lalonde-McNicoll in Wolves zone.
12:45 of 2nd period - Ethan Moreau is hit by Dustin Kohn and loses puck.
12:50 of 2nd period - Slapshot by Rico Fata.
12:50 of 2nd period - Deflect By Guillaume Desbiens.
12:50 of 2nd period - Shot Blocked by Philippe Boucher.
12:50 of 2nd period - Puck is out of play.
12:51 of 2nd period - Ethan Moreau wins face-off versus Jarod Palmer in Wolves zone.
13:16 of 2nd period - Rico Fata is hit by Alexander Perezhogin and loses puck.
13:18 of 2nd period - Minor Penalty to Guillaume Desbiens for Holding.
13:19 of 2nd period - Chris Neil wins face-off versus Eric Boulton in National zone.
13:26 of 2nd period - Slapshot by Chris Neil.
13:26 of 2nd period - Shot Misses the Net.
13:33 of 2nd period - Penalty to Bruno Gervais is over, Bruno Gervais is back on ice.
13:34 of 2nd period - Snap shot by Rico Fata.
13:34 of 2nd period - Shot Misses the Net.
13:40 of 2nd period - Snap shot by Willie Mitchell.
13:40 of 2nd period - Shot Misses the Net.
13:42 of 2nd period - Slapshot by Willie Mitchell.
13:42 of 2nd period - Stopped by Steve Shields with a rebound.
13:44 of 2nd period - Wrist shot by Philippe Boucher.
13:44 of 2nd period - Stopped by Steve Shields with a rebound.
13:46 of 2nd period - Snap shot by Bruno Gervais.
13:46 of 2nd period - Shot Misses the Net.
13:48 of 2nd period - Slapshot by Vyacheslav Kozlov.
13:48 of 2nd period - Goal by Vyacheslav Kozlov - Wolves : 2 - National : 0.
13:49 of 2nd period - Nathan Davis wins face-off versus Eric Boulton in neutral zone.
13:54 of 2nd period - Mathieu Carle is hit by Ethan Moreau and loses puck.
14:15 of 2nd period - Willie Mitchell is hit by Mathieu Carle and loses puck.
14:24 of 2nd period - Wrist shot by Rico Fata.
14:24 of 2nd period - Shot Blocked by Mike Zigomanis.
14:36 of 2nd period - Snap shot by Igor Makarov.
14:36 of 2nd period - Shot Blocked by Cody McLeod.
14:38 of 2nd period - Wrist shot by Ben Maxwell.
14:38 of 2nd period - Goal by Ben Maxwell - Wolves : 2 - National : 1.
14:39 of 2nd period - Cédric Lalonde-McNicoll wins face-off versus Mike Zigomanis in neutral zone.
15:04 of 2nd period - William Colbert is hit by Nathan Davis and loses puck.
15:09 of 2nd period - Snap shot by Alexander Perezhogin.
15:09 of 2nd period - Stopped by Steve Shields with a rebound.
15:31 of 2nd period - Snap shot by Igor Makarov.
15:31 of 2nd period - Shot Blocked by Bruno Gervais.
15:33 of 2nd period - Slapshot by Ty Wishart.
15:33 of 2nd period - Stopped by Julien Ellis without a rebound.
15:34 of 2nd period - Cédric Lalonde-McNicoll wins face-off versus Mike Zigomanis in Wolves zone.
15:59 of 2nd period - Jarod Palmer is hit by Nathan Davis and loses puck.
16:08 of 2nd period - Wrist shot by Rico Fata.
16:08 of 2nd period - Shot Blocked by Willie Mitchell.
16:20 of 2nd period - Snap shot by Igor Makarov.
16:20 of 2nd period - Goal by Igor Makarov - Wolves : 2 - National : 2.
16:21 of 2nd period - Mike Zigomanis wins face-off versus Cédric Lalonde-McNicoll in neutral zone.
16:24 of 2nd period - Wrist shot by Mike Zigomanis.
16:24 of 2nd period - Shot Misses the Net.
16:46 of 2nd period - William Colbert is hit by Nathan Davis and loses puck.
16:55 of 2nd period - Wrist shot by Ethan Moreau.
16:55 of 2nd period - Stopped by Steve Shields without a rebound.
16:56 of 2nd period - Mike Zigomanis wins face-off versus Cédric Lalonde-McNicoll in National zone.
17:09 of 2nd period - Slapshot by Chris Neil.
17:09 of 2nd period - Stopped by Steve Shields without a rebound.
17:10 of 2nd period - Cédric Lalonde-McNicoll wins face-off versus Mike Zigomanis in National zone.
17:15 of 2nd period - Slapshot by William Colbert.
17:15 of 2nd period - Shot Misses the Net.
17:17 of 2nd period - Slapshot by Mathieu Carle.
17:17 of 2nd period - Shot Blocked by Mike Zigomanis.
17:19 of 2nd period - Snap shot by Jonathan Cheechoo.
17:19 of 2nd period - Shot Blocked by Willie Mitchell.
17:21 of 2nd period - Slapshot by William Colbert.
17:21 of 2nd period - Shot Blocked by Mike Zigomanis.
17:25 of 2nd period - Wrist shot by Eric Boulton.
17:25 of 2nd period - Shot Misses the Net.
18:24 of 2nd period - Milan Bartovic is hit by Eric Boulton and loses puck.
18:35 of 2nd period - Rico Fata is hit by Chris Neil and loses puck.
18:49 of 2nd period - Off-side.
18:50 of 2nd period - Nathan Davis wins face-off versus Cédric Lalonde-McNicoll in neutral zone.
19:03 of 2nd period - Wrist shot by Mathieu Carle.
19:03 of 2nd period - Stopped by Julien Ellis without a rebound.
19:04 of 2nd period - Mike Zigomanis wins face-off versus Jarod Palmer in Wolves zone.
19:09 of 2nd period - Slapshot by Philippe Boucher.
19:09 of 2nd period - Deflect By Chris Neil.
19:09 of 2nd period - Shot Blocked by Mathieu Carle.
19:09 of 2nd period - Puck is out of play.
19:10 of 2nd period - Mike Zigomanis wins face-off versus Jarod Palmer in National zone.
19:40 of 2nd period - Wrist shot by Chris Neil.
19:40 of 2nd period - Shot Blocked by Mathieu Carle.
19:58 of 2nd period - Slapshot by Mathieu Carle.
19:58 of 2nd period - Deflect By Jarod Palmer.
19:58 of 2nd period - Shot Misses the Net.
19:58 of 2nd period - Puck is out of play.
19:59 of 2nd period - Ethan Moreau wins face-off versus Cédric Lalonde-McNicoll in Wolves zone.

3rd period


0:01 of 3rd period - Cédric Lalonde-McNicoll wins face-off versus Mike Zigomanis in neutral zone.
0:04 of 3rd period - Chris Neil is hit by Mathieu Carle and loses puck.
0:09 of 3rd period - Snap shot by Eric Boulton.
0:09 of 3rd period - Stopped by Julien Ellis with a rebound.
0:11 of 3rd period - Snap shot by Eric Boulton.
0:11 of 3rd period - Stopped by Julien Ellis without a rebound.
0:12 of 3rd period - Cédric Lalonde-McNicoll wins face-off versus Mike Zigomanis in Wolves zone.
0:27 of 3rd period - Snap shot by Jonathan Cheechoo.
0:27 of 3rd period - Stopped by Julien Ellis without a rebound.
0:28 of 3rd period - Jarod Palmer wins face-off versus Nathan Davis in Wolves zone.
0:35 of 3rd period - Snap shot by Guillaume Desbiens.
0:35 of 3rd period - Stopped by Julien Ellis without a rebound.
0:36 of 3rd period - Jarod Palmer wins face-off versus Nathan Davis in Wolves zone.
0:36 of 3rd period - Mathieu Carle is hit by Willie Mitchell.
0:58 of 3rd period - Snap shot by Alexander Perezhogin.
0:58 of 3rd period - Shot Misses the Net.
1:00 of 3rd period - Slapshot by Willie Mitchell.
1:00 of 3rd period - Shot Blocked by Mathieu Carle.
1:02 of 3rd period - Slapshot by Nathan Davis.
1:02 of 3rd period - Shot Misses the Net.
1:04 of 3rd period - Slapshot by Willie Mitchell.
1:04 of 3rd period - Shot Blocked by Jarod Palmer.
1:06 of 3rd period - Wrist shot by Nathan Davis.
1:06 of 3rd period - Stopped by Steve Shields with a rebound.
1:08 of 3rd period - Slapshot by Alexander Perezhogin.
1:08 of 3rd period - Goal by Alexander Perezhogin - Wolves : 3 - National : 2.
1:09 of 3rd period - Cédric Lalonde-McNicoll wins face-off versus Mike Zigomanis in neutral zone.
1:12 of 3rd period - Mike Zigomanis is hit by Eric Boulton and loses puck.
1:21 of 3rd period - Slapshot by Bruno Gervais.
1:21 of 3rd period - Stopped by Steve Shields without a rebound.
1:22 of 3rd period - Cédric Lalonde-McNicoll wins face-off versus Mike Zigomanis in National zone.
1:22 of 3rd period - Minor Penalty to Nate Guenin for Slashing.
1:23 of 3rd period - Chris Neil wins face-off versus Cédric Lalonde-McNicoll in Wolves zone.
1:23 of 3rd period - Chris Neil is hit by Eric Boulton.
1:49 of 3rd period - Willie Mitchell is hit by Rico Fata and loses puck.
1:56 of 3rd period - Wrist shot by Guillaume Desbiens.
1:56 of 3rd period - Deflect By Rico Fata.
1:56 of 3rd period - Shot Misses the Net.
1:56 of 3rd period - Puck is out of play.
1:57 of 3rd period - Chris Neil wins face-off versus Cédric Lalonde-McNicoll in Wolves zone.
2:08 of 3rd period - Slapshot by Dustin Kohn.
2:08 of 3rd period - Shot Blocked by Bruno Gervais.
2:10 of 3rd period - Slapshot by Ty Wishart.
2:10 of 3rd period - Goal by Ty Wishart - Wolves : 3 - National : 3.
2:11 of 3rd period - Nathan Davis wins face-off versus Cédric Lalonde-McNicoll in neutral zone.
2:22 of 3rd period - Snap shot by Ethan Moreau.
2:22 of 3rd period - Stopped by Steve Shields with a rebound.
2:24 of 3rd period - Slapshot by Nate Guenin.
2:24 of 3rd period - Stopped by Steve Shields without a rebound.
2:25 of 3rd period - Cédric Lalonde-McNicoll wins face-off versus Mike Zigomanis in National zone.
2:25 of 3rd period - Cédric Lalonde-McNicoll is hit by Vyacheslav Kozlov.
2:51 of 3rd period - Rico Fata is hit by Willie Mitchell and loses puck.
2:56 of 3rd period - Wrist shot by Alexander Perezhogin.
2:56 of 3rd period - Stopped by Steve Shields with a rebound.
2:59 of 3rd period - Major Penalty to Rico Fata for Boarding.
2:59 of 3rd period - Minor Penalty to Nate Guenin for Cross-checking.
3:00 of 3rd period - Eric Boulton wins face-off versus Chris Neil in National zone.
3:13 of 3rd period - Slapshot by Igor Makarov.
3:13 of 3rd period - Deflect By Eric Boulton.
3:13 of 3rd period - Stopped by Julien Ellis without a rebound.
3:14 of 3rd period - Chris Neil wins face-off versus Eric Boulton in Wolves zone.
3:40 of 3rd period - Ben Maxwell is hit by Philippe Boucher and loses puck.
4:17 of 3rd period - Snap shot by Dustin Kohn.
4:17 of 3rd period - Stopped by Julien Ellis without a rebound.
4:18 of 3rd period - Jason King wins face-off versus Philip DeSimone in Wolves zone.
4:25 of 3rd period - Wrist shot by Jason King.
4:25 of 3rd period - Shot Misses the Net.
4:28 of 3rd period - Minor Penalty to Matt Gilroy for Holding.
4:29 of 3rd period - Eric Boulton wins face-off versus Chris Neil in Wolves zone.
4:30 of 3rd period - Slapshot by Mathieu Carle.
4:30 of 3rd period - Shot Blocked by Willie Mitchell.
4:32 of 3rd period - Slapshot by Mathieu Carle.
4:32 of 3rd period - Shot Blocked by Philippe Boucher.
4:34 of 3rd period - Slapshot by William Colbert.
4:34 of 3rd period - Shot Blocked by Philippe Boucher.
4:42 of 3rd period - Wrist shot by Eric Boulton.
4:42 of 3rd period - Shot Misses the Net.
4:44 of 3rd period - Snap shot by Eric Boulton.
4:44 of 3rd period - Shot Misses the Net.
4:59 of 3rd period - Penalty to Nate Guenin is over, Nate Guenin is back on ice.
5:10 of 3rd period - Slapshot by Vyacheslav Kozlov.
5:10 of 3rd period - Stopped by Steve Shields with a rebound.
6:10 of 3rd period - Snap shot by Guillaume Desbiens.
6:10 of 3rd period - Stopped by Julien Ellis with a rebound.
6:12 of 3rd period - Snap shot by William Colbert.
6:12 of 3rd period - Deflect By Guillaume Desbiens.
6:12 of 3rd period - Shot Misses the Net.
6:12 of 3rd period - Puck is out of play.
6:13 of 3rd period - Jonathan Cheechoo wins face-off versus Jason King in Wolves zone.
6:18 of 3rd period - Snap shot by Jonathan Cheechoo.
6:18 of 3rd period - Shot Misses the Net.
6:20 of 3rd period - Snap shot by Guillaume Desbiens.
6:20 of 3rd period - Shot Misses the Net.
6:22 of 3rd period - Snap shot by Jonathan Cheechoo.
6:22 of 3rd period - Shot Blocked by Bruno Gervais.
6:24 of 3rd period - Snap shot by Guillaume Desbiens.
6:24 of 3rd period - Shot Misses the Net.
6:26 of 3rd period - Slapshot by Ty Wishart.
6:26 of 3rd period - Deflect By Jonathan Cheechoo.
6:26 of 3rd period - Deflect By Bruno Gervais.
6:26 of 3rd period - Stopped by Julien Ellis with a rebound.
6:28 of 3rd period - Penalty to Matt Gilroy is over, Matt Gilroy is back on ice.
6:28 of 3rd period - Wrist shot by Guillaume Desbiens.
6:28 of 3rd period - Stopped by Julien Ellis with a rebound.
7:04 of 3rd period - Wrist shot by Ben Maxwell.
7:04 of 3rd period - Stopped by Julien Ellis with a rebound.
7:58 of 3rd period - Nate Guenin is hit by Guillaume Desbiens.
7:59 of 3rd period - Penalty to Rico Fata is over, Rico Fata is back on ice.
8:07 of 3rd period - Snap shot by Rico Fata.
8:07 of 3rd period - Shot Blocked by Jason King.
8:09 of 3rd period - Slapshot by Ty Wishart.
8:09 of 3rd period - Shot Misses the Net.
9:31 of 3rd period - Snap shot by Cody McLeod.
9:31 of 3rd period - Deflect By Jason King.
9:31 of 3rd period - Shot Misses the Net.
9:31 of 3rd period - Puck is out of play.
9:32 of 3rd period - Nathan Davis wins face-off versus Ben Maxwell in National zone.
11:47 of 3rd period - Snap shot by Mike Zigomanis.
11:47 of 3rd period - Stopped by Steve Shields with a rebound.
12:28 of 3rd period - Snap shot by Jason King.
12:28 of 3rd period - Deflect By Cody McLeod.
12:28 of 3rd period - Stopped by Steve Shields with a rebound.
12:38 of 3rd period - Snap shot by Eric Boulton.
12:38 of 3rd period - Stopped by Julien Ellis with a rebound.
14:05 of 3rd period - Mike Sislo is hit by Cédric Lalonde-McNicoll and loses puck.
14:57 of 3rd period - Backhand shot by Ethan Moreau.
14:57 of 3rd period - Stopped by Steve Shields without a rebound.
14:58 of 3rd period - Petr Kalus wins face-off versus Jarod Palmer in National zone.
15:11 of 3rd period - Snap shot by Jason King.
15:11 of 3rd period - Stopped by Steve Shields without a rebound.
15:12 of 3rd period - Philip DeSimone wins face-off versus Mike Zigomanis in National zone.
15:12 of 3rd period - Philip DeSimone is hit by Willie Mitchell.
15:17 of 3rd period - Minor Penalty to Vyacheslav Kozlov for Roughing.
15:18 of 3rd period - Chris Neil wins face-off versus Cédric Lalonde-McNicoll in Wolves zone.
15:28 of 3rd period - Minor Penalty to William Colbert for Interference.
15:29 of 3rd period - Eric Boulton wins face-off versus Chris Neil in National zone.
15:34 of 3rd period - Snap shot by Rico Fata.
15:34 of 3rd period - Shot Blocked by Jason King.
15:36 of 3rd period - Slapshot by Eric Boulton.
15:36 of 3rd period - Stopped by Julien Ellis without a rebound.
15:37 of 3rd period - Eric Boulton wins face-off versus Chris Neil in Wolves zone.
15:40 of 3rd period - Snap shot by Eric Boulton.
15:40 of 3rd period - Shot Blocked by Chris Neil.
15:42 of 3rd period - Wrist shot by Eric Boulton.
15:42 of 3rd period - Stopped by Julien Ellis without a rebound.
15:43 of 3rd period - Chris Neil wins face-off versus Eric Boulton in Wolves zone.
15:43 of 3rd period - Chris Neil is hit by Rico Fata.
15:51 of 3rd period - Snap shot by Eric Boulton.
15:51 of 3rd period - Stopped by Julien Ellis with a rebound.
15:53 of 3rd period - Slapshot by Erik Gustafsson.
15:53 of 3rd period - Shot Misses the Net.
15:55 of 3rd period - Slapshot by Mathieu Carle.
15:55 of 3rd period - Shot Misses the Net.
17:17 of 3rd period - Penalty to Vyacheslav Kozlov is over, Vyacheslav Kozlov is back on ice.
17:27 of 3rd period - Slapshot by Alexander Perezhogin.
17:27 of 3rd period - Shot Misses the Net.
17:28 of 3rd period - Penalty to William Colbert is over, William Colbert is back on ice.
17:29 of 3rd period - Slapshot by Willie Mitchell.
17:29 of 3rd period - Stopped by Steve Shields without a rebound.
17:30 of 3rd period - Nathan Davis wins face-off versus Ben Maxwell in National zone.
17:30 of 3rd period - Minor Penalty to Bruno Gervais for Hooking.
17:31 of 3rd period - Chris Neil wins face-off versus Cédric Lalonde-McNicoll in Wolves zone.
17:42 of 3rd period - Icing by Mathieu Carle.
17:43 of 3rd period - Chris Neil wins face-off versus Cédric Lalonde-McNicoll in National zone.
17:47 of 3rd period - Icing by Cédric Lalonde-McNicoll.
17:48 of 3rd period - Chris Neil wins face-off versus Cédric Lalonde-McNicoll in National zone.
17:49 of 3rd period - Snap shot by Vyacheslav Kozlov.
17:49 of 3rd period - Deflect By Chris Neil.
17:49 of 3rd period - Stopped by Steve Shields with a rebound.
17:55 of 3rd period - Slapshot by Mathieu Carle.
17:55 of 3rd period - Shot Blocked by Philippe Boucher.
17:57 of 3rd period - Wrist shot by Mathieu Carle.
17:57 of 3rd period - Shot Hit the Post.
18:13 of 3rd period - Slapshot by William Colbert.
18:13 of 3rd period - Stopped by Julien Ellis with a rebound.
18:15 of 3rd period - Wrist shot by Eric Boulton.
18:15 of 3rd period - Shot Misses the Net.
18:17 of 3rd period - Wrist shot by Eric Boulton.
18:17 of 3rd period - Shot Blocked by Willie Mitchell.
18:19 of 3rd period - Slapshot by Mathieu Carle.
18:19 of 3rd period - Goal by Mathieu Carle - Wolves : 3 - National : 4.
18:20 of 3rd period - Ben Maxwell wins face-off versus Petr Kalus in neutral zone.
18:23 of 3rd period - Wrist shot by Mathieu Carle.
18:23 of 3rd period - Deflect By Cody McLeod.
18:23 of 3rd period - Stopped by Julien Ellis with a rebound.
18:29 of 3rd period - Wrist shot by Jason King.
18:29 of 3rd period - Stopped by Steve Shields with a rebound.
18:33 of 3rd period - Wrist shot by Philippe Boucher.
18:33 of 3rd period - Stopped by Steve Shields with a rebound.
18:40 of 3rd period - Mathieu Carle is hit by Petr Kalus and loses puck.
19:05 of 3rd period - Snap shot by Jonathan Cheechoo.
19:05 of 3rd period - Stopped by Julien Ellis with a rebound.
19:07 of 3rd period - Slapshot by Cédric Lalonde-McNicoll.
19:07 of 3rd period - Shot Blocked by Willie Mitchell.
19:09 of 3rd period - Snap shot by Cédric Lalonde-McNicoll.
19:09 of 3rd period - Shot Blocked by Philippe Boucher.
19:11 of 3rd period - Snap shot by Jonathan Cheechoo.
19:11 of 3rd period - Shot Misses the Net.
19:13 of 3rd period - Snap shot by Mathieu Carle.
19:13 of 3rd period - Stopped by Julien Ellis without a rebound.
19:14 of 3rd period - Peter DeBoer call a timeout for Wolves.
19:14 of 3rd period - Cédric Lalonde-McNicoll wins face-off versus Mike Zigomanis in Wolves zone.
19:15 of 3rd period - Snap shot by Jonathan Cheechoo.
19:15 of 3rd period - Shot Misses the Net.
19:23 of 3rd period - Wolves, Julien Ellis is pulled from the net.
19:27 of 3rd period - Snap shot by Vyacheslav Kozlov.
19:27 of 3rd period - Shot Misses the Net.
19:29 of 3rd period - Snap shot by Chris Neil.
19:29 of 3rd period - Stopped by Steve Shields with a rebound.
19:31 of 3rd period - Wrist shot by Chris Neil.
19:31 of 3rd period - Stopped by Steve Shields without a rebound.
19:32 of 3rd period - Jonathan Cheechoo wins face-off versus Mike Zigomanis in National zone.
19:47 of 3rd period - Mathieu Carle is hit by Vyacheslav Kozlov and loses puck.


Output by the SimonT Hockey Simulator (STHS) for François Prévost -- Original Page W3C XHTML 1.0 Valid
Hockey Simulator - Hockey Simulation - Hockey Manager